 Dungeon Crawl Stone Soup version 0.31-a0-233-g139696dc86 (webtiles) character file.

Game seed: 5927827656365471245

115 qw the Shooter (level 4, -5/36 HPs)
             Began as a Minotaur Hexslinger on July 8, 2023.
             Slain by a gnoll
             ... wielding a +0 heavy spear
              (11 damage)
             ... on level 3 of the Dungeon.
             The game lasted 00:00:39 (1716 turns).

qw the Shooter (Minotaur Hexslinger)                Turns: 1716, Time: 00:00:40

Health: -5/36      AC:  3    Str: 12    XL:     4   Next: 68%
Magic:  4/4        EV: 12    Int: 10    God:
Gold:   134        SH:  0    Dex: 15    Spells: 4/5 levels left

rFire   . . .        Y - +2 sling
rCold   . . .        (no shield)
rNeg    . . .        i - +0 leather armour
rPois   .            (helmet restricted)
rElec   .            (no cloak)
rCorr   +            (no gloves)
SInv    .            (no boots)
Will    .....        (no amulet)
Stlth   +            h - ring of resist corrosion
HPRegen 0.26/turn    (no ring)
MPRegen 0.09/turn

%: no passive effects
@: no status effects
A: horns 2, retaliatory headbutt
a: no special abilities


You were on level 3 of the Dungeon.
You visited 1 branch of the dungeon, and saw 3 of its levels.

You collected 134 gold pieces.


Innate Abilities, Weirdness & Mutations

You have a pair of horns on your head.
You reflexively headbutt those who attack you in melee.


   Skills:
 + Level 2.3 Fighting
 - Level 5.1 Ranged Weapons
 - Level 2.1 Dodging
 - Level 1.0 Spellcasting
 - Level 2.0 Hexes


You had 4 spell levels left.
You knew the following spells:

 Your Spells              Type           Power      Damage    Failure   Level
a - Slow                  Hex            16%        N/A       19%         1

Your spell library contained the following spells:

 Spells                   Type           Power      Damage    Failure   Level
 Inner Flame              Hex/Fire       2%         N/A       65%         3
 Portal Projectile        Hex/Tloc       4%         N/A       65%         3
 Cause Fear               Hex            2%         N/A       88%         4

Inventory:

Hand Weapons
 Y - a +2 sling (weapon)
Armour
 a - a +0 ring mail
 i - a +0 leather armour (worn)
Jewellery
 h - a ring of resist corrosion (left hand)
Scrolls
 b - a scroll of identify
Potions
 f - a potion of might {unknown}

Dungeon Overview and Level Annotations

Branches:
Dungeon (3/15)

Altars:
Ashenzari
Nemelex Xobeh

Annotations:
D:2 1 runed translucent door, Crazy Yiuf


Message History

Enter note: You shoot a sling bullet.
The gnoll shouts!
The sling bullet hits the gnoll.
The gnoll is lightly wounded.
1704 ||| Stepping ~*~*~tactically~*~*~ (outnumbered).
You shoot a sling bullet.
The sling bullet closely misses the gnoll.
You shoot a sling bullet. The sling bullet hits the gnoll.
The gnoll is moderately wounded.
You shoot a sling bullet. The sling bullet hits the gnoll.
The gnoll is moderately wounded.
You shoot a sling bullet. The sling bullet hits the gnoll.
The gnoll is severely wounded.
The gnoll barely misses you. x2
You shoot a sling bullet. The sling bullet hits the gnoll.
The gnoll is severely wounded.
The gnoll hits you from afar with a +0 halberd!
You shoot a sling bullet. The sling bullet hits the gnoll.
The gnoll is almost dead.
The gnoll hits you from afar with a +0 halberd!
You shoot a sling bullet. The sling bullet hits the gnoll.
You kill the gnoll!
You shoot a sling bullet.
The sling bullet barely misses the gnoll. x2
The gnoll barely misses you.
You shoot a sling bullet. The sling bullet hits the gnoll.
The gnoll is lightly wounded.
The gnoll hits you from afar with a +0 heavy spear!
You shoot a sling bullet. The sling bullet hits the gnoll.
The gnoll is moderately wounded.
The gnoll hits you from afar with a +0 heavy spear.
You shoot a sling bullet.
The sling bullet closely misses the gnoll.
The sling bullet hits the gnoll but does no damage.
The gnoll is moderately wounded.
You shoot a sling bullet. The sling bullet hits the gnoll!
The gnoll is almost dead.
The gnoll hits you from afar with a +0 heavy spear!
You die...

.........#......>#
#####....# ......#
#....# g....# ###
#....# ....+
..###....#.. ...#
/........#.. .g#
.......#.#.#####g#
.......#.#.#...#.#
.......#.#.#.#.#@#
.......#.#.#.#.#.#
'#######.#.#.#.#.#
.#######.#.#.#.#.#
.............#.#.#
########.#.###.#.#
#.#.....#.#
#.#######.#
#.......(.#


You could see 2 gnolls.

Vanquished Creatures
  A sleepcap (D:3)
  A gnoll (D:3)
  3 adders
  An orc (D:3)
  9 ball pythons
  5 bats
  4 endoplasms (D:1)
  4 giant cockroaches
  2 goblins
  5 hobgoblins (D:1)
  2 jackals (D:2)
  2 quokkas (D:2)
  4 frilled lizards
  2 kobolds
  3 rats
48 creatures vanquished.

Notes
Turn   | Place    | Note
-------+----------+-------------------------------------------
     0 | D:1      | qw the Minotaur Hexslinger began the quest for the Orb.
     0 | D:1      | Reached XP level 1. HP: 16/16 MP: 1/1
     0 | D:1      | 0 ||| qw: Version: 0.3-a-46-gb1f654a
     0 | D:1      | 0 ||| qw: Game counter: 3533
     0 | D:1      | 0 ||| qw: Melee chars always use a shield: true
     0 | D:1      | 0 ||| qw: God list: Okawaru
     0 | D:1      | 0 ||| qw: Allow faded altars: false
     0 | D:1      | 0 ||| qw: Do Orc after clearing Dungeon:15 true
     0 | D:1      | 0 ||| qw: Do second Lair branch before Depths: true
     0 | D:1      | 0 ||| qw: Lair rune preference: random
     0 | D:1      | 0 ||| qw: Goals: Normal
     0 | D:1      | 0 ||| PLANNING D:1-11
    82 | D:1      | Reached skill level 3 in Ranged Weapons
    82 | D:1      | Reached XP level 2. HP: 23/23 MP: 2/2
   639 | D:1      | 639 ||| UPGRADING to +0 leather armour.
   649 | D:1      | 649 ||| DROPPING +0 robe.
   650 | D:1      | 650 ||| UPGRADING to ring of resist corrosion.
   651 | D:1      | 651 ||| READING scroll labelled AXOYRENIDUPS.
   652 | D:1      | 652 ||| READING scroll labelled XIT TEFFAE.
   655 | D:1      | 655 ||| READING scroll labelled JALOED ROOLAQO.
   656 | D:1      | 656 ||| DROPPING scroll of poison.
   728 | D:2      | Reached XP level 3. HP: 23/29 MP: 3/3
   785 | D:2      | Reached skill level 4 in Ranged Weapons
   949 | D:2      | Found a broken altar of Ashenzari.
  1014 | D:2      | Found a runed translucent door.
  1015 | D:2      | Noticed Crazy Yiuf
  1240 | D:2      | 1240 ||| READING scroll labelled GOP TUIFFUOT.
  1241 | D:2      | 1241 ||| READING scroll labelled GIAHOBL LUTIM.
  1334 | D:3      | Reached XP level 4. HP: 33/36 MP: 4/4
  1380 | D:3      | Found a sparkling altar of Nemelex Xobeh.
  1609 | D:3      | Reached skill level 5 in Ranged Weapons
  1704 | D:3      | 1704 ||| Stepping ~*~*~tactically~*~*~ (outnumbered).
  1713 | D:3      | HP: 7/36 [gnoll/+0 heavy spear (9)]
  1716 | D:3      | Slain by a gnoll

Levels and vault maps discovered:
D:1:      psy_arrival_whirlpool, layout_basic
D:2:      layout_basic, basic_altar, uniq_crazy_yiuf_cottage
D:3:      layout_basic, mainiacjoe_overflow_alcove_4

Skill      XL: |  1  2  3  4 |
---------------+-------------+-----
Ranged Weapons | 3 4 5 |  5.1
Fighting       | 2 |  2.3
Dodging        | |  2.1
Spellcasting   | |  1.0
Hexes          | |  2.0

Action                     |  1- 3 |  4- 6 || total
---------------------------+-------+-------++-------
   Fire: Sling             |   108 |    38 ||   146
    Use: Scroll            |     5 |       ||     5
 Armour: Leather armour    |     6 |       ||     6
         Robe              |     1 |       ||     1
  Dodge: Dodged            |    37 |    13 ||    50

Table legend:
 A = Non-vault XP
 B = Vault XP
 C = Vault XP percentage of total XP
 D = Non-vault monster count
 E = Vault monster count
 F = Vault count percentage of total count
                 A         B        C        D         E       F
            +---------+---------+-------+---------+---------+-------
      Total |     165 |       0 |   0.0 |      48 |       0 |   0.0
            +---------+---------+-------+---------+---------+-------
        D:1 |      31 |       0 |   0.0 |      19 |       0 |   0.0
        D:2 |      55 |       0 |   0.0 |      19 |       0 |   0.0
        D:3 |      79 |       0 |   0.0 |      10 |       0 |   0.0
            +---------+---------+-------+---------+---------+-------
